 Dungeon Crawl Stone Soup version 0.21-a0-55-gb612c23 (webtiles) character file.

327289 xgamer67 the Imperceptible (level 20, 0/107 HPs)
             Began as a Spriggan Warper on June 15, 2017.
             Was the Champion of Wu Jian.
             Killed from afar by an orb of fire (29 damage)
             ... with a fireball
             ... on level 1 of the Realm of Zot on June 16, 2017.
             The game lasted 06:19:34 (69647 turns).

xgamer67 the Imperceptible (Spriggan Warper)       Turns: 69647, Time: 06:19:35

Health: 0/107      AC:  9    Str: 11    XL:     20   Next: 39%
Magic:  38/38      EV: 37    Int: 24    God:    Wu Jian [******]
Gold:   634        SH: 11    Dex: 19    Spells: 3/45 levels left

rFire    + + .     SeeInvis +   a - +9 rapier (elec)
rCold    + . .     Gourm    .   U - +0 buckler {rF+}
rNeg     . . .     Faith    .   P - +2 robe of Joy {rElec rPois Regen+ Int+4 Dex-4}
rPois    +         Spirit   .   o - +2 hat
rElec    +         Reflect  +   s - +2 cloak
rCorr    .         Harm     .   (gloves unavailable)
MR       +++..                  (boots unavailable)
Stlth    +++++++++.             c - +3 amulet of reflection
HPRegen  0.00/turn              d - ring "Vufoal" {*Drain rF+ rC+ Str+4 Stlth+}
MPRegen  0.26/turn              B - +4 ring of intelligence

@: berserk cooldown, slowed, quick
A: unfitting armour, see invisible, herbivore 3, speed 3, mutation resistance 1,
inhibited regeneration, slow metabolism 2, subdued magic 1
}: 3/15 runes: decaying, serpentine, abyssal
a: Serpent's Lash, Heavenly Storm, Renounce Religion


You were on level 1 of the Realm of Zot.
You worshipped Wu Jian.
Wu Jian was exalted by your worship.
You were not hungry.

You visited 10 branches of the dungeon, and saw 41 of its levels.
You visited the Abyss 1 time.
You also visited: Labyrinth.

You collected 4139 gold pieces.
You spent 3505 gold pieces at shops.

Inventory:

Hand Weapons
 a - a +9 rapier of electrocution (weapon)
Missiles
 e - 5 tomahawks of dispersal (quivered)
 N - 3 throwing nets
Armour
 o - a +2 hat (worn)
 s - a +2 cloak (worn)
 P - the +2 robe of Joy (worn) {rElec rPois Regen+ Int+4 Dex-4}
   (You bought it in a shop on level 2 of the Orcish Mines)

   It affects your intelligence (+4).
   It affects your dexterity (-4).
   It insulates you from electricity.
   It protects you from poison.
   It increases your rate of regeneration.
 U - a +0 buckler of fire resistance (worn)
Jewellery
 c - a +3 amulet of reflection (around neck)
 d - the ring "Vufoal" (left hand) {*Drain rF+ rC+ Str+4 Stlth+}
   (You found it on level 4 of the Depths)

   [ring of protection from cold]

   It affects your strength (+4).
   It protects you from fire.
   It protects you from cold.
   It causes draining when unequipped.
   It makes you more stealthy.
 A - an uncursed ring of resist corrosion
 B - a +4 ring of intelligence (right hand)
 L - an uncursed ring of positive energy
 T - an uncursed ring of protection from fire
 V - an uncursed ring of protection from cold
 X - an uncursed ring of protection from magic
Wands
 b - a wand of disintegration (17/24)
 q - a wand of lightning (2/15)
 t - a wand of clouds (4/9)
 u - a wand of polymorph (14/24)
Scrolls
 h - 14 scrolls of remove curse
 j - 5 scrolls of teleportation
 p - 2 scrolls of fog
 C - a scroll of immolation
 D - 2 scrolls of vulnerability
 E - 7 scrolls of magic mapping
 H - a scroll of enchant armour
 I - 6 scrolls of amnesia
 J - 2 scrolls of recharging
 M - 3 scrolls of silence
 O - 4 scrolls of identify
 Q - a scroll of summoning
Potions
 g - 2 potions of ambrosia
 i - 2 potions of heal wounds
 k - 9 potions of agility
 l - 4 potions of curing
 m - 6 potions of haste
 n - 3 potions of cancellation
 r - 7 potions of might
 w - 3 potions of berserk rage
 x - 8 potions of flight
 z - 3 potions of magic
 F - 5 potions of mutation
 G - a potion of invisibility
 K - 2 potions of resistance
 W - 2 potions of brilliance
Books
 y - a book of Enchantments

   Spells                             Type                      Level
   a - Cause Fear                     Hexes                        4
   b - Yara's Violent Unravelling     Hexes/Transmutation          5
   c - Silence                        Hexes/Air                    5
   d - Deflect Missiles               Charms/Air                   6
   e - Discord                        Hexes                        8
 S - the Papyrus of Heat and Creation
   (You found it on level 4 of the Swamp)

   Spells                             Type                      Level
   a - Summon Butterflies             Summoning                    1
   b - Bolt of Magma                  Conjuration/Fire/Earth       5
   c - Shadow Creatures               Summoning                    6
   d - Ignition                       Fire                         8
Miscellaneous
 v - a phantom mirror
 R - a box of beasts
 Y - a fan of gales
 Z - a lamp of fire (inert)
Comestibles
 f - 15 bread rations


   Skills:
 + Level 12.4 Fighting
 - Level 14.0 Short Blades
   Level 0.2(7.1) Long Blades
 - Level 1.0 Throwing
 - Level 7.0 Armour
 - Level 21.0 Dodging
 - Level 24.1 Stealth
 - Level 7.3 Shields
 - Level 13.1 Spellcasting
 - Level 12.0 Hexes
 - Level 5.1 Charms
 + Level 7.2 Summonings
 - Level 8.3 Translocations
 - Level 3.0 Ice Magic
 - Level 7.0 Evocations


You had 3 spell levels left.
You knew the following spells:

 Your Spells              Type           Power        Failure   Level  Hunger
a - Ensorcelled Hibernat  Hex/Ice        #####.       1%          2    None
b - Confuse               Hex            ######..     1%          3    None
c - Tukima's Dance        Hex            ######..     1%          3    None
d - Cause Fear            Hex            ######....   1%          4    None
e - Ozocubu's Armour      Chrm/Ice       ####....     1%          3    None
f - Shroud of Golubria    Chrm/Tloc      #####.....   1%          2    None
g - Regeneration          Chrm/Necr      ###.......   3%          3    None
h - Passage of Golubria   Tloc           N/A          1%          4    None
i - Teleport Other        Tloc           #####...     1%          3    None
z - Summon Mana Viper     Hex/Summ       #####...     1%          5    ###....
A - Apportation           Tloc           #####.       1%          1    None
B - Summon Butterflies    Summ           #####...     1%          1    None
C - Invisibility          Hex            ######..     3%          6    #####..
D - Blink                 Tloc           N/A          1%          2    None


Dungeon Overview and Level Annotations

Branches:
Dungeon (15/15)            Temple (1/1) D:6            Lair (6/6) D:10
  Swamp (4/4) Lair:2        Snake (4/4) Lair:4        Slime (0/5) Lair:6
    Orc (2/2) D:10            Elf (2/3) Orc:2        Vaults (1/5) D:14
 Depths (5/5) D:15            Zot (1/5) Depths:5

Altars:
Ashenzari
Cheibriados
Dithmenos
Elyvilon
Fedhas
Gozag
Hepliaklqana
Kikubaaqudgha
Makhleb
Nemelex Xobeh
Okawaru
Qazlal
Ru
Sif Muna
Trog
Uskayaw
Vehumet
Wu Jian
Xom
Yredelemnul
Zin
The Shining One
Beogh

Shops:
D:5 (   D:6 =   D:10 ?   D:12 :   Orc:2 (!*[   Depths:2 :   Depths:3 }

Portals:
Hell: Depths:1 Depths:2 Depths:3 Depths:5
Abyss: Depths:3
Pandemonium: Depths:1 Depths:3
Ziggurat: Depths:2
Trove: Depths:5 (give 5 potions of resistance)

Annotations:
D:5 sergedm's ghost, amateur DECj
D:12 Azrael
Lair:6 exclusions: 3 doors and oklob plant
Swamp:2 exclusion: downstairs
Swamp:3 exclusion: 3 downstairs, Roxanne
Snake:4 still loot, Vashnia
Orc:2 Saint Roka
Elf:1 !drain flail, high mr, Nikola
Vaults:1 Jorgrun
Depths:2 2 exclusions
Depths:3 Margery; Mennas


Innate Abilities, Weirdness & Mutations

You are very small and have problems with some larger weapons.
You are too small for most types of armour.
You have supernaturally acute eyesight. (SInv)
You are a herbivore.
You cover ground extremely quickly.
You need consume almost no food.
You are somewhat resistant to further mutation.
You do not regenerate when monsters are visible.
Your spells are a little easier to cast, but a little less powerful.


Message History

You barely miss the orb of fire.
The orb of fire is almost destroyed.
The orb of fire glows yellow.
The fireball explodes!
The fireball engulfs you! You resist.
The fireball engulfs the orb of fire.
The orb of fire completely resists.
Evoke which item? (* to show all) (? for menu, Esc to quit)
You open the lid... ...and a juvenile batox beast flies out!
The orb of fire glows deep purple.
The fireball explodes!
The fireball engulfs you! You resist.
* * * LOW HITPOINT WARNING * * *
The fireball engulfs the orb of fire.
The orb of fire completely resists.
The orb of fire glows yellow.
Strange energies course through your body.
You feel odd for a moment.
You hit the orb of fire.
The orb of fire is almost destroyed.
The orb of fire glows deep purple.
The fireball explodes!
The fireball engulfs you! You resist.
You die...

#.........##.# #.# ###.###....#.#
#.# ###..######.#.# #.##
#.......###.#.###.#.
###.#.......#.#.....#.
#.....#...)......##.#.
#####.#.......#..##.#.
#....H#.......#..##...
###.#@#.......#..##.## ### ######
#..*#............... ..###....#
###....##.#.#..[).##
..##...#.##########......#.###.##
......*........*.................
.......#..#########.##...########
.##.#.........# #⌠####.#
###.#..#..###.####### #.#
###.#..#...........# ###


You could see an orb of fire and a friendly juvenile batox beast.

Vanquished Creatures
  A golden dragon (Zot:1)
  Asterion (Elf:1)
  A sphinx (Depths:3)
  A draconian monk (Zot:1)
  4 tengu reavers
  A storm dragon (Depths:3)
  A shadow dragon (Zot:1)
  2 frost giants (Depths:5)
  2 nagarajas (Snake:3)
  A ghost moth (shapeshifter) (Depths:3)
  A fire giant (Depths:2)
  A deep elf sorcerer (Elf:1)
  A cacodemon (Depths:3)
  A draconian shifter (Depths:5)
  A draconian knight (Depths:5)
  Louise (Swamp:4)
  An orc warlord (Orc:1)
  A draconian annihilator (Zot:1)
  An ironheart preserver (Vaults:1)
  8 very ugly things
  A vampire knight (Depths:2)
  10 stone giants
  A green draconian (Zot:1)
  2 dire elephants (Lair:6)
  2 purple draconians (Depths:5)
  A deep elf annihilator (Elf:1)
  7 spark wasps (Depths:1)
  3 red draconians
  11 ettins
  3 jiangshi (Depths:3)
  10 fire dragons
  A minotaur (Lab)
  4 great orbs of eyes
  4 yaktaur captains
  A monstrous demonspawn (Depths:3)
  12 naga warriors
  26 hydras
  A rakshasa (Depths:1)
  7 ice dragons
  A hell beast (Depths:5)
  3 ghost crabs
  A vault guard (D:14)
  4 spriggan air magi
  10 anacondas
  27 two-headed ogres
  3 centaur warriors
  6 ogre magi
  8 alligators
  4 dancing weapons
  4 death yaks
  A deep troll earth mage (Depths:2)
  3 thrashing horrors
  3 spriggan berserkers
  3 tengu warriors
  2 vampire magi
  6 shock serpents
  7 spriggans
  6 naga sharpshooters
  4 deep elf knights
  A sun demon (Depths:5)
  An orc high priest (Orc:2)
  26 hell knights
  A fire crab (Lair:6)
  4 skeletal warriors (Depths:5)
  2 wretched stars (Abyss:5)
  5 deep trolls
  3 salamander mystics
  An unseen horror (shapeshifter) (Depths:5)
  2 spriggan druids
  10 swamp dragons
  3 glowing orange brains
  7 naga ritualists
  2 phantasmal warriors (Depths:2)
  4 shambling mangroves
  2 deep elf archers
  A gelid demonspawn (Depths:3)
  7 orc knights
  5 necromancers
  A wolf spider zombie (D:15)
  A wolf spider (shapeshifter) (Depths:4)
  14 mana vipers
  An orb spider (shapeshifter) (Depths:3)
  4 oklob plants (Lair:1)
  19 ugly things
  12 deep elf magi
  An orc sorcerer (Orc:1)
  3 cyclopes
  A fire giant skeleton (Vaults:1)
  12 salamanders
  2 rust devils
  7 eyes of devastation
  5 gargoyles
  5 guardian serpents
  6 elephants
  2 torpor snails
  A smoke demon (Abyss:4)
  14 spiny frogs
  54 black mambas
  12 naga magi
  2 centaur skeletons
  10 yaktaurs
  6 komodo dragons
  2 ancient zymes (Abyss:5)
  3 ice devils
  3 tyrant leeches
  8 trolls
  A polar bear (Lair:3)
  3 meliai (D:14)
  14 hornets
  2 wind drakes (Depths:4)
  6 hippogriffs
  A raiju (Abyss:5)
  6 dream sheep
  14 slime creatures
  8 blink frogs (Lair:6)
  11 bog bodies
  2 water elementals
  10 air elementals
  37 yaks
  A centaur simulacrum (D:13)
  An ice dragon skeleton (Vaults:1)
  A vampire (D:13)
  3 shadows
  6 wyverns
  A hog (shapeshifter) (D:14)
  3 fire elementals (Depths:4)
  2 fire bats (Abyss:5)
  5 basilisks
  2 neqoxecs
  3 chaos spawn (Abyss:5)
  A spatial vortex (Abyss:5)
  28 vampire mosquitoes
  A human zombie (Vaults:1)
  24 swamp worms
  41 nagas
  A swamp worm (shapeshifter) (Depths:1)
  17 insubstantial wisps
  9 wargs
  2 acid dragons
  8 porcupines
  8 water moccasins
  A soldier ant (shapeshifter) (D:13)
  12 swamp drakes
  4 ice beasts
  47 orc warriors
  A sky beast (D:12)
  2 black bears
  An eye of draining (D:9)
  15 boggarts
  10 centaurs
  22 ogres
  A phantom (D:14)
  6 wolves
  12 crocodiles
  5 big kobolds
  19 bullfrogs
  2 small abominations
  A gnoll sergeant (D:9)
  6 earth elementals (Depths:4)
  6 scorpions
  2 wights (D:14)
  11 killer bees
  A howler monkey (D:4)
  5 electric eels
  7 centaur zombies
  8 crimson imps
  6 starcursed masses (Abyss:4)
  10 hounds
  3 bullfrog zombies
  A bullfrog skeleton (D:4)
  A jelly (D:6)
  18 orc priests
  27 orc wizards
  6 iguanas
  9 worker ants
  A killer bee zombie (D:8)
  A hound zombie (D:9)
  2 hound skeletons
  3 worker ant zombies
  4 gnolls (D:9)
  11 adders
  7 shadow imps
  2 white imps
  2 oozes
  2 adder skeletons
  5 worms
  4 dart slugs
  5 leopard geckos
  112 orcs
  9 bats
  4 giant cockroaches
  10 goblins
  4 hobgoblins
  3 jackals (D:5)
  27 kobolds
  7 quokkas
  2 ball pythons
  A frilled lizard (D:3)
  A jackal zombie (D:7)
  7 rats
  2 briar patches (Swamp:4)
  A butterfly (Lair:2)
  A lurking horror (Abyss:5)
  7 plants
1361 creatures vanquished.

Vanquished Creatures (collateral kills)
  A nagaraja (Snake:2)
  An ettin (Depths:2)
  3 two-headed ogres (Depths:1)
  2 spriggans (Depths:5)
  A skeletal warrior (Depths:5)
  6 hell knights
  A spriggan druid (Swamp:3)
  A necromancer (Depths:3)
  2 salamanders
  A naga mage (Snake:2)
  2 hornets
  14 nagas
  2 wights (D:14)
37 creatures vanquished.

Vanquished Creatures (others)
  A two-headed ogre (Depths:1)
  A naga sharpshooter (Snake:2)
  A large abomination (Abyss:5)
  A necromancer (Depths:4)
  A naga mage (Snake:2)
  A spriggan (Swamp:4)
  A shadow (Abyss:4)
  48 dancing weapons
  2 orc warriors (Vaults:1)
  A centaur (D:15)
  A small abomination (Abyss:1)
  An orc priest (Orc:2)
  An ufetubus (Abyss:4)
  4 ball lightnings (Depths:4)
  6 orcs
  3 briar patches (Swamp:4)
  12 fungi
  A lurking horror (Abyss:5)
  39 plants
  4 starspawn tentacles
130 creatures vanquished.

Grand Total: 1528 creatures vanquished

Notes
Turn   | Place    | Note
-------+----------+-------------------------------------------
     0 | D:1      | xgamer67 the Spriggan Warper began the quest for the Orb.
     0 | D:1      | Reached XP level 1. HP: 10/10 MP: 5/5
   233 | D:1      | Reached skill level 1 in Stealth
   312 | D:1      | Reached skill level 2 in Stealth
   319 | D:1      | Reached XP level 2. HP: 11/14 MP: 6/6
   421 | D:1      | Reached skill level 3 in Stealth
   627 | D:1      | Reached skill level 4 in Stealth
   663 | D:1      | Reached XP level 3. HP: 18/18 MP: 8/8
  1048 | D:2      | Learned a level 2 spell: Blink
  1051 | D:2      | Learned a level 2 spell: Shroud of Golubria
  1055 | D:2      | Learned a level 3 spell: Teleport Other
  1417 | D:2      | You fall through a shaft for 2 floors!
  1563 | D:2      | Reached skill level 5 in Stealth
  3006 | D:2      | Reached XP level 4. HP: 13/22 MP: 9/9
  4082 | D:3      | Reached skill level 6 in Stealth
  4629 | D:4      | Reached XP level 5. HP: 25/25 MP: 10/10
  4754 | D:4      | Reached skill level 5 in Dodging
  5011 | D:4      | Found a glowing golden altar of the Shining One.
  5386 | D:4      | Reached XP level 6. HP: 30/30 MP: 11/11
  5995 | D:5      | Entered Level 5 of the Dungeon
  6053 | D:5      | Noticed sergedm's ghost (amateur DECj)
  6098 | D:4      | Reached skill level 5 in Short Blades
  6178 | D:5      | Found a blossoming altar of Fedhas.
  6247 | D:5      | Reached XP level 7. HP: 35/35 MP: 12/12
  6384 | D:5      | Reached skill level 7 in Stealth
  7241 | D:5      | Reached skill level 8 in Stealth
  7348 | D:5      | Found Xoitieph's Weapon Boutique.
  7470 | D:6      | Found a staircase to the Ecumenical Temple.
  7480 | Temple   | Entered the Ecumenical Temple
  7753 | Temple   | Became a worshipper of the Wu Jian Council
  7853 | D:6      | Reached XP level 8. HP: 42/42 MP: 13/13
  7923 | D:6      | Learned a level 4 spell: Passage of Golubria
  7949 | D:6      | Reached skill level 9 in Stealth
  7949 | D:6      | Reached skill level 1 in Evocations
  7994 | D:6      | Reached skill level 5 in Translocations
  8185 | D:6      | Found Waitway's Jewellery Shop.
  8814 | D:7      | Reached * piety under Wu Jian
  9158 | D:7      | Reached skill level 1 in Charms
  9373 | D:7      | Reached skill level 10 in Stealth
  9765 | D:7      | Noticed a hippogriff
  9770 | D:7      | Killed a hippogriff
  9770 | D:7      | Reached XP level 9. HP: 45/45 MP: 14/14
 10037 | D:7      | Learned a level 3 spell: Lesser Beckoning
 10051 | D:8      | Noticed a two-headed ogre
 10057 | D:8      | Killed a two-headed ogre
 10057 | D:8      | Reached skill level 11 in Stealth
 10057 | D:8      | Reached skill level 5 in Evocations
 10114 | D:8      | Found a hide-covered altar of Uskayaw.
 10725 | D:8      | Reached skill level 5 in Charms
 11320 | D:9      | Got a steaming falchion
 11321 | D:9      | Identified the +2 falchion "Demonbane" {slice, rElec SInv} (You found it on level 9 of the Dungeon)
 11425 | D:9      | Reached ** piety under Wu Jian
 11425 | D:9      | Reached skill level 12 in Stealth
 12118 | D:9      | Reached XP level 10. HP: 39/49 MP: 17/17
 12465 | D:10     | Entered Level 10 of the Dungeon
 12479 | D:10     | Found Wiffonewn's Magic Scroll Shoppe.
 12505 | D:10     | Bought a scroll of identify for 24 gold pieces
 12505 | D:10     | Bought a scroll of identify for 24 gold pieces
 12505 | D:10     | Bought a scroll of identify for 24 gold pieces
 12791 | D:10     | Found a staircase to the Orcish Mines.
 12820 | D:10     | Learned a level 1 spell: Confusing Touch
 12910 | D:10     | Found a roughly hewn altar of Beogh.
 12986 | D:10     | Reached *** piety under Wu Jian
 13391 | D:10     | Reached skill level 1 in Hexes
 13557 | D:10     | Found a staircase to the Lair.
 13703 | D:10     | Noticed a two-headed ogre
 13808 | D:10     | Killed a two-headed ogre
 13808 | D:10     | Reached skill level 13 in Stealth
 14385 | D:11     | Learned a level 1 spell: Summon Butterflies
 14794 | D:11     | Noticed Psyche
 14890 | Lair:1   | Entered Level 1 of the Lair of Beasts
 14890 | Lair:1   | Noticed a black mamba
 14898 | Lair:1   | Killed a black mamba
 14924 | Lair:1   | Noticed an oklob plant
 14924 | Lair:1   | Noticed an oklob plant
 14937 | Lair:1   | Reached skill level 10 in Dodging
 15301 | Lair:1   | Noticed an eight-headed hydra
 15602 | Lair:1   | Noticed a black mamba
 15608 | Lair:1   | Killed a black mamba
 15623 | Lair:2   | Found a staircase to the Swamp.
 16054 | Lair:2   | Reached skill level 14 in Stealth
 16054 | Lair:2   | Reached XP level 11. HP: 53/53 MP: 18/18
 16118 | Lair:2   | Noticed an eight-headed hydra
 16124 | Lair:2   | Killed an eight-headed hydra
 16689 | Lair:3   | Learned a level 2 spell: Ensorcelled Hibernation
 16809 | Lair:3   | Noticed a four-headed hydra
 16961 | Lair:4   | Found a staircase to the Snake Pit.
 17539 | Lair:1   | Reached skill level 15 in Stealth
 17959 | Orc:1    | Entered Level 1 of the Orcish Mines
 17959 | Orc:1    | Noticed an ettin
 18130 | D:7      | Reached **** piety under Wu Jian
 18514 | D:11     | Noticed Psyche
 18514 | D:11     | Psyche changed into Psyche the scorpion
 18535 | D:11     | Killed Psyche the scorpion
 18790 | D:11     | Reached skill level 1 in Shields
 19149 | D:12     | Found a deep blue altar of Sif Muna.
 19184 | D:12     | Found a sacrificial altar of Ru.
 19360 | D:12     | Reached skill level 10 in Short Blades
 20058 | D:14     | Noticed a fire dragon
 20066 | D:14     | Noticed a deep elf mage
 20148 | D:13     | Noticed a red ugly thing
 20203 | D:13     | Killed a red ugly thing
 20203 | D:13     | Reached XP level 12. HP: 38/58 MP: 19/19
 20880 | D:12     | Found Tohirola's Book Shoppe.
 20893 | D:12     | Noticed Azrael
 21390 | Lair:4   | Killed a four-headed hydra
 21481 | Lair:4   | Reached skill level 5 in Shields
 21494 | Lair:4   | Found a deep blue altar of Sif Muna.
 21521 | Lair:4   | Reached skill level 5 in Fighting
 22059 | Lair:4   | Noticed a death yak
 22171 | Lair:4   | Reached ***** piety under Wu Jian
 22384 | Lair:4   | Killed a death yak
 22526 | Lair:5   | Noticed a death yak
 22526 | Lair:5   | Noticed a death yak
 22526 | Lair:5   | Noticed a death yak
 22543 | Lair:5   | Found a labyrinth entrance.
 22552 | Lab      | Entered a labyrinth
 22671 | Lab      | Noticed a minotaur
 22699 | Lab      | Killed a minotaur
 22718 | Lab      | Identified the +1 robe of Words of Power {rF- rC+++ rN+} (You found it in a labyrinth)
 22973 | Lair:5   | Killed a death yak
 23097 | Lair:5   | Killed a death yak
 23111 | Lair:5   | Killed a death yak
 23547 | Lair:4   | Reached XP level 13. HP: 65/65 MP: 20/20
 23658 | Lair:5   | Identified a scroll of acquirement
 23980 | Lair:5   | Reached skill level 1 in Armour
 24925 | Lair:6   | Entered Level 6 of the Lair of Beasts
 25536 | Lair:6   | Reached skill level 5 in Armour
 25773 | Lair:6   | Found a staircase to the Slime Pits.
 26567 | Lair:6   | Noticed a dire elephant
 26591 | Lair:6   | Noticed a dire elephant
 26597 | Lair:6   | Noticed a dire elephant
 26671 | Lair:6   | Killed a dire elephant
 26857 | Lair:6   | Noticed a dire elephant
 26857 | Lair:6   | Noticed a dire elephant
 27147 | Lair:6   | Killed a dire elephant
 27781 | Lair:1   | Got a bound iron ring
 27799 | Lair:1   | Identified the ring "Xamehy Jewk" {Ice MR+++ MP+9 Str+3 Dex-3} (You found it on level 1 of the Lair of Beasts)
 28184 | D:12     | Noticed Maurice
 28259 | Orc:1    | Killed an ettin
 28371 | Orc:2    | Entered Level 2 of the Orcish Mines
 28373 | Orc:2    | Noticed an orc warlord
 28451 | Orc:1    | Reached XP level 14. HP: 40/73 MP: 21/21
 28456 | Orc:1    | Learned a level 3 spell: Confuse
 28918 | Orc:2    | Noticed Saint Roka
 28936 | Orc:2    | Found Gipeph's General Store.
 28938 | Orc:2    | Reached skill level 1 in Summonings
 29182 | Orc:1    | Killed an orc warlord
 29182 | Orc:1    | Reached skill level 1 in Ice Magic
 29242 | Orc:1    | Reached ****** piety under Wu Jian
 29724 | D:13     | Reached skill level 5 in Spellcasting
 29729 | D:13     | Learned a level 3 spell: Tukima's Dance
 30230 | D:12     | Noticed Maurice
 30230 | D:12     | Maurice changed into Maurice the big kobold
 30262 | D:12     | Killed Maurice the big kobold
 30669 | D:6      | Bought a +3 amulet of reflection for 235 gold pieces
 30744 | D:10     | Bought a scroll of blinking for 90 gold pieces
 30744 | D:10     | Bought a scroll of teleportation for 36 gold pieces
 30744 | D:10     | Bought a scroll of summoning for 114 gold pieces
 30818 | D:6      | Bought a +4 ring of intelligence for 405 gold pieces
 30929 | D:12     | Bought a book of Enchantments for 700 gold pieces
 31029 | Swamp:1  | Entered Level 1 of the Swamp
 31200 | Lair:2   | Learned a level 4 spell: Cause Fear
 31265 | Snake:1  | Entered Level 1 of the Snake Pit
 31323 | Snake:1  | Reached skill level 16 in Stealth
 31912 | D:14     | Learned a level 1 spell: Apportation
 32642 | D:10     | Bought a scroll of recharging for 114 gold pieces
 32709 | Orc:2    | Found a roughly hewn altar of Beogh.
 32709 | Orc:2    | Found a staircase to the Elven Halls.
 33812 | Orc:2    | Reached skill level 17 in Stealth
 34354 | Orc:2    | Noticed Saint Roka
 34354 | Orc:2    | Saint Roka changed into Saint Roka the acid blob
 34899 | Orc:2    | Found Vawal's Antique Armour Boutique.
 35138 | Orc:2    | Found a roughly hewn altar of Beogh.
 35199 | Orc:2    | Found Osey's Antique Weapon Shoppe.
 35199 | Orc:2    | Found Neohagie's Distillery.
 35415 | Orc:2    | Bought a runed rapier for 189 gold pieces
 35418 | Orc:2    | Bought a glowing scimitar for 189 gold pieces
 35807 | D:14     | Found a gate to the Vaults.
 36179 | D:14     | Found a deep blue altar of Sif Muna.
 36242 | D:14     | Reached skill level 18 in Stealth
 36309 | D:15     | Entered Level 15 of the Dungeon
 36621 | D:15     | Found a staircase to the Depths.
 36631 | D:15     | Reached XP level 15. HP: 77/77 MP: 29/29
 37497 | D:15     | Reached skill level 5 in Hexes
 37736 | D:15     | Found an opulent altar of Gozag.
 38169 | Orc:2    | Bought a wizard robe for 188 gold pieces
 38179 | Orc:2    | Identified the +2 robe of Joy {rElec rPois Regen+ Int+4 Dex-4} (You bought it in a shop on level 2 of the Orcish Mines)
 38226 | D:10     | Learned a level 6 spell: Invisibility
 38803 | Snake:1  | Reached skill level 15 in Dodging
 41301 | Snake:1  | Identified the +2 robe "Myhonos" {+Blink rF- Int+6 Stlth-} (You found it on level 1 of the Snake Pit)
 42382 | Snake:2  | Reached skill level 10 in Hexes
 42909 | Snake:2  | Reached XP level 16. HP: 58/81 MP: 26/30
 43859 | Snake:4  | Entered Level 4 of the Snake Pit
 45917 | Snake:4  | Reached skill level 10 in Spellcasting
 46037 | Snake:4  | Noticed Vashnia
 46327 | Snake:4  | Got a serpentine rune of Zot
 46790 | Snake:3  | Reached skill level 19 in Stealth
 48829 | Swamp:2  | Reached skill level 20 in Stealth
 48829 | Swamp:2  | Reached XP level 17. HP: 88/88 MP: 26/32
 49462 | Swamp:2  | Reached skill level 10 in Fighting
 50807 | Swamp:3  | Reached skill level 21 in Stealth
 51244 | Swamp:3  | Noticed Roxanne
 51550 | Swamp:4  | Entered Level 4 of the Swamp
 51667 | Swamp:4  | Learned a level 5 spell: Summon Mana Viper
 51813 | Swamp:4  | Noticed Louise
 51889 | Swamp:4  | Killed Louise
 52676 | Elf:1    | Entered Level 1 of the Elven Halls
 52689 | Elf:1    | Noticed Asterion
 52696 | Elf:1    | Killed Asterion
 52945 | Elf:1    | Noticed Nikola
 53793 | Vaults:1 | Entered Level 1 of the Vaults
 54228 | Vaults:1 | Noticed Jorgrun
 54405 | Depths:1 | Entered Level 1 of the Depths
 54443 | Depths:1 | Found a gateway to Hell.
 54546 | Depths:1 | Reached XP level 18. HP: 93/93 MP: 8/35
 55211 | Depths:1 | Found a one-way gate leading to the halls of Pandemonium.
 56411 | Depths:3 | Found Dusekeke's Gadget Shoppe.
 56718 | Depths:3 | Noticed Margery
 56721 | Depths:3 | Noticed Mennas
 56882 | Depths:4 | Reached skill level 22 in Stealth
 57264 | Depths:2 | Found a gateway to a ziggurat.
 57742 | Depths:2 | Found Kauh's Book Boutique.
 58785 | Depths:3 | Found a one-way gate to the infinite horrors of the Abyss.
 58845 | Depths:3 | Reached skill level 23 in Stealth
 58871 | Depths:3 | Reached XP level 19. HP: 74/102 MP: 14/36
 59500 | Orc:2    | Bought a runed rapier for 189 gold pieces
 59740 | Depths:2 | Bought a book of Frost for 560 gold pieces
 59745 | Depths:2 | Learned a level 3 spell: Ozocubu's Armour
 60421 | Swamp:4  | Identified the Papyrus of Heat and Creation
 60424 | Swamp:4  | Got a decaying rune of Zot
 61588 | Depths:5 | Entered Level 5 of the Depths
 62071 | Depths:5 | Found a portal to a secret trove of treasure.
 62495 | Depths:5 | Found a gate to the Realm of Zot.
 62513 | Depths:5 | HP: 5/102 [ice dragon/blast of cold (36)]
 63345 | Depths:4 | Got a fine copper ring
 63346 | Depths:4 | Identified the ring "Vufoal" {*Drain rF+ rC+ Str+4 Stlth+} (You found it on level 4 of the Depths)
 63410 | Depths:4 | HP: 4/102 [glaive of venom (32)]
 63743 | Depths:5 | Identified the Tome of Protection
 64100 | Depths:1 | Learned a level 3 spell: Regeneration
 64156 | Depths:3 | Reached skill level 5 in Summonings
 64259 | Depths:3 | Found a shimmering altar of Xom.
 65217 | Depths:3 | Gained mutation: You are frail. (-10% HP) [a cacodemon]
 65304 | Depths:4 | Reached XP level 20. HP: 96/96 MP: 34/37
 65717 | Lair:3   | Lost mutation: You are frail. (-10% HP) [potion of mutation]
 65717 | Lair:3   | Gained mutation: Your spells are a little easier to cast, but a little less powerful. [potion of mutation]
 65717 | Lair:3   | Gained mutation: You are somewhat resistant to further mutation. [potion of mutation]
 66148 | Orc:2    | Bought a potion of mutation for 104 gold pieces
 66148 | Orc:2    | Bought a potion of mutation for 104 gold pieces
 66148 | Orc:2    | Bought a potion of mutation for 104 gold pieces
 66190 | Orc:2    | Bought a potion of mutation for 112 gold pieces
 66617 | Depths:3 | Voluntarily entered the Abyss.
 66922 | Abyss:4  | Found a shattered altar of Ashenzari.
 66925 | Abyss:4  | Reached skill level 24 in Stealth
 67263 | Abyss:4  | Noticed a bone dragon
 67335 | Abyss:5  | Entered Level 5 of the Abyss
 67392 | Abyss:5  | Noticed a bone dragon
 67635 | Abyss:5  | Found a corrupted altar of Lugonu.
 67697 | Abyss:5  | Noticed a profane servitor
 68092 | Abyss:5  | Noticed an ancient lich
 68151 | Abyss:5  | Got an abyssal rune of Zot
 68192 | Abyss:5  | Found a deep blue altar of Sif Muna.
 68298 | Depths:3 | Escaped the Abyss
 68803 | Depths:5 | HP: 1/107 [Executioner[a lich] (25)]
 69073 | Zot:1    | Entered Level 1 of the Realm of Zot
 69077 | Zot:1    | Noticed a golden dragon
 69080 | Zot:1    | Killed a golden dragon
 69225 | Zot:1    | Noticed a golden dragon
 69261 | Zot:1    | HP: 3/107 [tentacled monstrosity (9)]
 69528 | Zot:1    | Noticed an orb of fire
 69572 | Zot:1    | Noticed an orb of fire
 69638 | Zot:1    | Gained mutation: You do not regenerate when monsters are visible. [an orb of fire]
 69647 | Zot:1    | Killed from afar by an orb of fire

Vault maps used:
D:1:      nicolae_arrival_somewhat_less_tricky_arrival
D:2:      minmay_door_path, first_bread, grunt_decor_one_mirror,
          minmay_pentomino_p4
D:4:      cheibrodos_sewer_entry_bend, nicolae_tso_swordbearing_angel
D:5:      serial_shops, kennysheep_mini, fedhas_altar_3
D:6:      minmay_temple_entry_fiery, serial_shops, kennysheep_mini_moat,
          grunt_ministairs_6
D:8:      lemuel_doored_altar
D:9:      hangedman_pestilent_swarm, minmay_misc_feat_five
D:10:     lair_entry_dummy, minmay_orc_entry_temple_small, serial_shops,
          nicolae_shop_waterfront
D:11:     portal_ice_cave_demonic_guard, uniq_psyche
D:12:     serial_shops, nicolae_shop_crystal, basic_altar,
          nicolae_ru_the_path_less_chosen, uniq_azrael, uniq_maurice
D:14:     david_vaults_5, kennysheep_minor_cross, basic_altar
D:15:     hangedman_depths_entry_civil_slaughter, lemuel_coloured_pillars_altar,
          minmay_stone_trees_small
Temple:   nicolae_temple_the_god_donut
Lair:1:   grunt_megastairs_3, lemuel_fruit_tree, minmay_lair_oklob_chamber
Lair:2:   swamp_mist, lemuel_fruit_fields, infiniplex_staircase_pool
Lair:4:   guppyfry_snake_entry_garden, basic_altar, beast_lair_carwin_6
Lair:5:   onia_ninara_swampy_vault, lab_entry_generic, serial_bayou_shore_b,
          grunt_megastairs_1
Lair:6:   due_jungle_book, dpeg_slime_entry_corner, serial_bayou,
          serial_bayou_lagoon_b, serial_bayou_pond_d, serial_bayou_lagoon_a,
          serial_bayou_shore_a, minmay_lair_oklob_bushes
Swamp:1:  evilmike_swamp_ruin_rubble_2
Swamp:2:  evilmike_swamp_ruin_rubble_1, swamp_pool3,
          nicolae_swamp_very_dense_foliage
Swamp:3:  evilmike_swamp_ruin_house_2, uniq_roxanne
Swamp:4:  swamp_basic_johnstein, uniq_louise
Snake:1:  kennysheep_snake
Snake:2:  st_stairs_6
Snake:3:  basic_stair_grate_trap
Snake:4:  johnstein_snake_rune_scales
Orc:2:    st_orc_town, basic_altar, uniq_saint_roka
Elf:1:    hangedman_elf_represent, minivault_14, minmay_shoptagon,
          uniq_asterion, uniq_nikola, uniq_aizul
Elf:2:    columned_hall_lemuel
Vaults:1: ontoclasm_vaults_twist, v_misc_30, nicolae_vaults_border_crossing,
          nicolae_vaults_specimen_jars, vaults_room_door_ring,
          special_room_vaults, ontoclasm_vaults_chip,
          grunt_vaults_hallway_short, nicolae_vaults_yaktaur_gun_rack,
          serial_shops, shop, shop, uniq_jorgrun
Depths:1: hangedman_coc_ice_floe, pan_entry, abandoned_shop,
          roderic_lattice_octagonal_star
Depths:2: minmay_eyes, enter_ziggurat_e, glass_columns_a,
          grunt_hell_entry_dis_mu, serial_shops,
          nicolae_shop_competitors_out_of_business, abyss_entry
Depths:3: due_chaos_kobolds, abyss_entry_crystal, rand_demon_pan_entry_3,
          hell_entry, serial_shops, shop, kennysheep_cross_bottleneck,
          uniq_mennas, uniq_margery
Depths:4: radiant_caverns_b_rkd, serial_shops, hell_entry, abyss_entry,
          uniq_enchantress
Depths:5: grunt_zot_entry_tricorne, enter_trove_6, grunt_mini_vestibule,
          minmay_misc_feat_four_crosses
Zot:1:    grunt_megastairs_5
Abyss:3:  minivault_5, minivault_27
Abyss:4:  hangedman_cross_veins, kilobyte_mutagenic_chamber,
          gammafunk_abyss_rune_reverse_zot, evilmike_abyss_exit_6
Abyss:5:  evilmike_abyss_exit_13, hangedman_decor_points,
          evilmike_abyss_exit_plants, hangedman_abyss_rune_macabre_mess,
          hangedman_classic_abyss_death
Lab:      labyrinth_watery, labyrinth_skeletal_remains

Skill      XL: |  1  2  3  4  5  6  7  8  9 10 11 12 13 14 15 16 17 18 19 20 |
---------------+-------------------------------------------------------------+-----
Stealth        | 2 4 5 6 8 10 12 14 15 18 20 21 23 24 | 24.1
Short Blades   | 3 4 5 8 10 14 | 14.0
Dodging        | 4 5 6 8 10 13 14 17 18 20 21 | 21.0
Fighting       | 2 4 6 8 9 10 11 12 | 12.4
Spellcasting   | 3 4 9 10 12 13 | 13.1
Evocations     | 4 6 7 |  7.0
Translocations | 7 8 |  8.3
Charms         | 3 5 |  5.1
Hexes          | 3 4 10 12 | 12.0
Shields        | 3 7 |  7.3
Armour         | 7 |  7.0
Summonings     | 2 4 5 7 |  7.2
Ice Magic      | 2 3 |  3.0
Long Blades    | |  0.2
Throwing       | |  1.0

Action                   |  1- 3 |  4- 6 |  7- 9 | 10-12 | 13-15 | 16-18 | 19-21 || total
-------------------------+-------+-------+-------+-------+-------+-------+-------++-------
Melee: Short sword       |   171 |       |       |       |       |       |       ||   171
       Rapier            |    22 |    75 |       |       |       |       |   943 ||  1040
       Dagger            |       |    90 |   506 |  1206 |  3148 |  2154 |    35 ||  7139
       Scimitar          |       |       |       |       |    32 |       |       ||    32
Throw: Tomahawk          |       |       |       |     3 |    11 |       |       ||    14
 Cast: Shroud of Golubri |       |       |     1 |       |       |       |       ||     1
       Confusing Touch   |       |       |       |     1 |       |       |       ||     1
       Teleport Other    |       |       |       |     4 |       |       |       ||     4
       Blink             |       |       |       |       |     1 |     4 |     4 ||     9
       Tukima's Dance    |       |       |       |       |    74 |    93 |    37 ||   204
       Confuse           |       |       |       |       |    27 |   122 |    41 ||   190
       Ensorcelled Hiber |       |       |       |       |    80 |   367 |   159 ||   606
       Passage of Golubr |       |       |       |       |     1 |     7 |     1 ||     9
       Summon Mana Viper |       |       |       |       |       |     5 |       ||     5
       Ozocubu's Armour  |       |       |       |       |       |       |     1 ||     1
       Summon Butterflie |       |       |       |       |       |       |     1 ||     1
       Regeneration      |       |       |       |       |       |       |    13 ||    13
       Apportation       |       |       |       |       |       |       |     1 ||     1
Invok: Serpent's Lash    |       |       |       |       |     1 |       |       ||     1
Evoke: Wand              |       |       |       |    39 |   132 |     6 |       ||   177
       Fan of gales      |       |       |       |     1 |       |       |       ||     1
       Sack of spiders   |       |       |       |       |       |     5 |       ||     5
       Lamp of fire      |       |       |       |       |       |     4 |     2 ||     6
       Box of beasts     |       |       |       |       |       |       |     3 ||     3
  Use: Scroll            |     6 |     7 |    11 |    18 |    14 |    12 |    16 ||    84
       Potion            |       |       |       |       |     4 |     7 |    18 ||    29
 Stab: Sleeping          |    10 |     9 |    23 |    54 |    88 |   230 |    80 ||   494
       Distracted        |       |     4 |     5 |    16 |    25 |    31 |    18 ||    99
       Confused          |       |       |       |     6 |    27 |    82 |    25 ||   140
  Eat: Royal jelly       |       |     2 |     1 |     6 |     7 |     2 |       ||    18
       Fruit             |       |       |     2 |     1 |    11 |    14 |     2 ||    30
       Bread ration      |       |       |       |       |       |     1 |     1 ||     2
Armor: Robe              |    13 |    12 |    37 |    27 |    17 |    54 |    50 ||   210
       Troll leather arm |       |       |       |    19 |    93 |       |       ||   112
Dodge: Dodged            |   111 |    98 |   276 |   582 |  1233 |  1034 |   664 ||  3998
Block: Buckler           |       |       |       |    94 |   745 |   638 |   331 ||  1808
       Reflection        |       |       |       |       |    48 |    35 |    12 ||    95
       Rpst.: Scimitar   |       |       |       |       |     9 |       |       ||     9
